 Dungeon Crawl Stone Soup version 0.27.1-33-g824d729ab1 (webtiles) character file.

Game seed: 12789830481030791635

39 Descartes the Magician (level 3, 0/16 HPs)
             Began as a Spriggan Wanderer on Dec 4, 2021.
             Succumbed to an adder's poison
             ... on level 2 of the Dungeon.
             The game lasted 00:06:32 (2136 turns).

Descartes the Magician (Spriggan Wanderer)          Turns: 2136, Time: 00:06:32

Health: 0/16       AC:  2    Str:  7    XL:     3   Next: 28%
Magic:  6/9        EV: 16    Int: 12    God:
Gold:   51         SH:  0    Dex: 17    Spells: 1/10 levels left

rFire    . . .     SeeInvis +   a - +0 dagger
rCold    . . .     Faith    .   (shield restricted)
rNeg     . . .     Spirit   .   b - +0 robe
rPois    .         Reflect  .   (helmet restricted)
rElec    .         Harm     .   (no cloak)
rCorr    .         Rampage  .   (gloves unavailable)
Will     .....                  (boots unavailable)
Stlth    ++........             (no amulet)
HPRegen  0.05/turn              (no ring)
MPRegen  0.11/turn              (no ring)

@: lethally poisoned (0 -> -2), very quick
A: very small, no large weapons, unfitting armour, see invisible, speed 3
a: no special abilities


You were on level 2 of the Dungeon.
You visited 1 branch of the dungeon, and saw 2 of its levels.

You collected 51 gold pieces.

Inventory:

Hand Weapons
 a - a +0 dagger (weapon)
Missiles
 g - 21 stones (quivered)
 h - 71 arrows
Armour
 b - a +0 robe (worn)
Scrolls
 d - a scroll of noise {unknown}
 f - a scroll of enchant armour {unknown}
 i - a scroll of brand weapon {unknown}
 k - a scroll of identify {unknown}
Potions
 c - a potion of lignification
 e - a potion of attraction {unknown}
 j - a potion of mutation {unknown}


   Skills:
 + Level 1.2 Short Blades
 + Level 1.6 Dodging
 + Level 2.6 Stealth
 - Level 4.0 Spellcasting
 + Level 2.4 Hexes
 + Level 0.3 Translocations
 + Level 1.4 Transmutations
 - Level 1.0 Ice Magic
 + Level 2.3 Poison Magic
 - Level 1.3 Evocations


You had one spell level left.
You knew the following spells:

 Your Spells              Type           Power      Damage    Failure   Level
a - Sting                 Tmut/Pois      24%        1d4       11%         1
b - Magic Dart            Conj           8%         1d3       22%         1
c - Ignite Poison         Fire/Tmut/Pois 5%         N/A       36%         3
d - Blink                 Tloc           N/A        N/A       28%         2
e - Ensorcelled Hibernat  Hex/Ice        12%        N/A       17%         2

Your spell library contained the following spells:

 Spells                   Type           Power      Damage    Failure   Level
 Corona                   Hex            8%         N/A       9%          1
 Slow                     Hex            8%         N/A       12%         2
 Tukima's Dance           Hex            8%         N/A       24%         3
 Call Imp                 Summ           2%         N/A       32%         2
 Mephitic Cloud           Conj/Pois/Air  4%         N/A       43%         3
 Conjure Flame            Conj/Fire      2%         6-21      54%         3
 Manifold Assault         Tloc           3%         N/A       99%         5
 Storm Form               Tmut/Air       2%         N/A       100%        7


Dungeon Overview and Level Annotations

Branches:
Dungeon (2/15)

Altars:


Innate Abilities, Weirdness & Mutations

You are very small and have problems with some larger weapons.
You are too small for most types of armour.
You have supernaturally acute eyesight. (SInv)
You cover ground extremely quickly. (Speed+++)


Message History

Press: ? - help, Shift-Dir - straight line, f/p - adder
Aim: an adder (lightly wounded, poisoned, 48% to hit)
The sting hits the adder but does no damage.
The adder looks even sicker.
The adder is lightly wounded.
The adder misses you. The adder bites you.
You are poisoned.
The adder poisons you!
You feel sick.
You feel sick.
You feel sick.
You feel sick.
You feel sick.
Your magical contamination has completely faded away.
You feel sick.
You are no longer poisoned.
The adder looks more healthy.
Casting: Sting (safe; 11% risk of failure)
Confirm with . or Enter, or press ? or * to list all spells.
Aiming: Sting (safe; 11% risk of failure)
Press: ? - help, Shift-Dir - straight line, f/p - adder
Aim: an adder (severely wounded, 48% to hit)
The sting misses the adder.
Casting: Sting (safe; 11% risk of failure)
Confirm with . or Enter, or press ? or * to list all spells.
Aiming: Sting (safe; 11% risk of failure)
Press: ? - help, Shift-Dir - straight line, f/p - adder
Aim: an adder (severely wounded, 48% to hit)
The sting misses the adder.
The adder bites you.
You are lethally poisoned!
The adder poisons you!
* * * LOW HITPOINT WARNING * * *
You feel sick.
* * * LOW HITPOINT WARNING * * *
You feel sick.
* * * LOW HITPOINT WARNING * * *
You feel sick.
* * * LOW HITPOINT WARNING * * *
You feel sick.
You die...

### ##########.####
.........#....#
#############.##.##.#
#.S..@...........##.#
###.###########.#####[##
#.......# #.........
#...S...# ####......
#.......# #......
#.......# #......
#.......# #......
###.##### #...... #.#
##.#...


You could see an adder.

Vanquished Creatures
  A worm (D:2)
  2 dart slugs
  6 bats
  3 endoplasms
  2 giant cockroaches
  A goblin (D:1)
  5 hobgoblins
  A quokka (D:1)
  6 ball pythons
  A frilled lizard (D:2)
  A kobold (D:1)
  2 rats (D:1)
31 creatures vanquished.

Notes
Turn   | Place    | Note
-------+----------+-------------------------------------------
     0 | D:1      | Descartes the Spriggan Wanderer began the quest for the
                  | Orb.
     0 | D:1      | Descartes set off with the following items: a +0 dagger, a
                  | +0 robe, a potion of lignification; and the following
                  | spells available to memorise: Slow, Sting, Magic Dart,
                  | Blink, Call Imp, Ignite Poison, Mephitic Cloud, Conjure
                  | Flame
     0 | D:1      | Reached XP level 1. HP: 9/9 MP: 6/6
     2 | D:1      | Learned a level 1 spell: Sting
     4 | D:1      | Learned a level 1 spell: Magic Dart
   458 | D:1      | Reached XP level 2. HP: 13/13 MP: 5/8
   549 | D:1      | Found a faded altar of an unknown god.
   750 | D:1      | Reached skill level 1 in Dodging
   750 | D:1      | Reached skill level 1 in Transmutations
  1156 | D:1      | Reached skill level 1 in Short Blades
  1481 | D:2      | Reached XP level 3. HP: 15/16 MP: 2/9
  1623 | D:2      | Learned a level 3 spell: Ignite Poison
  1626 | D:2      | Learned a level 2 spell: Blink
  1629 | D:2      | Learned a level 2 spell: Ensorcelled Hibernation
  2136 | D:2      | Succumbed to an adder's poison

Illustrated notes

Levels and vault maps discovered:
D:1:      dpeg_arrival_short_road, layout_loops_ring, basic_ecumenical_altar,
          moated_statue
D:2:      layout_basic, minmay_misc_feat_nine_boxes

Skill      XL: |  1  2 |
---------------+-------+-----
Stealth        | 2 |  2.6
Dodging        | 1 |  1.6
Transmutations | 1 |  1.4
Short Blades   | 1 |  1.2
Spellcasting   | |  4.0
Hexes          | |  2.4
Translocations | |  0.3
Ice Magic      | |  1.0
Poison Magic   | |  2.3
Evocations     | |  1.3

Action                   || total
-------------------------++-------
Melee: Dagger            ||    42
 Cast: Sting             ||    50
       Magic Dart        ||    21
Armor: Robe              ||     9
Dodge: Dodged            ||    42
